[Event "87th Spanish Championship 2022"]
[Site "Linares"]
[Date "2022.08.14"]
[Round "5.6"]
[White "Asis Gargatagli, Hipolito"]
[Black "Fernandez Garcia, Jose Luis"]
[Result "1/2-1/2"]
[ECO "C55"]
[WhiteElo "2514"]
[BlackElo "2362"]
[Annotator "TA"]
[PlyCount "95"]
[EventDate "2022.08.11"]
[EventType "swiss"]
[EventCountry "ESP"]
[SourceTitle "playchess.com"]
[Source "ChessBase"]
[SourceQuality "1"]
[TimeControl "5400+30"]

1. e4 e5 2. Nf3 Nc6 3. Bc4 Nf6 4. d3 Be7 5. O-O O-O 6. Nc3 d6 7. a4 $1 {[%emt 0:00:06][%mdl 4] 7.a4 is the modern continuation. C55: Two Knights: 4 d3, 4 d4 exd4 5 e5 and Max Lange Attack.} Bg4 8. h3 Bxf3 9. Qxf3 Nd4 10. Qd1 c6 {[%emt 0:00:35] [#]} 11. Ba2 $146 ({Predecessor:} 11. Ne2 Ne6 12. Ng3 d5 13. Ba2 g6 14. c3 Qd6 15. Bh6 Rfe8 16. Re1 Rad8 17. Qf3 {½-½ (27) Marquardt,G (2250)-Klewe,W (2254) ICCF email 2019}) 11... Ne6 12. Be3 d5 13. exd5 Nxd5 14. Bd2 Bg5 (14... Qd6 $11) 15. Nxd5 cxd5 16. Bb4 Re8 17. Re1 Nd4 ({Better is} 17... a5 $11 18. Ba3 Bf6) 18. Bc3 $14 Nc6 19. Qf3 d4 20. Bxf7+ Kh8 21. Bxe8 {[%emt 0:00:04] White is more active.} Qxe8 22. Qf5 (22. h4 $16 Bh6 23. Rad1 dxc3 24. bxc3) 22... h6 {[%emt 0:05:59] [#]} (22... Qd8 $1 $14) 23. h4 $1 $18 Bf4 24. Qxf4 exf4 25. Rxe8+ Rxe8 26. Re1 Rxe1+ 27. Bxe1 $16 {[%emt 0:00:04][%mdl 4096] Endgame KB-KN} g5 28. hxg5 hxg5 29. Kf1 {[%emt 0:02:20] Black must now prevent Ke2.} Kg7 30. c3 Kg6 31. Ke2 Kf5 32. f3 a6 33. Bf2 dxc3 34. bxc3 {[%emt 0:00:04] Strongly threatening c4.} b5 35. axb5 axb5 36. Kd2 Ke5 37. Bb6 Kf5 38. d4 ({White should try} 38. Bc5 $16) 38... Ne7 $1 $11 {[%emt 0:01:17] The position is equal.} 39. Bd8 Nd5 40. Kd3 g4 41. fxg4+ Kxg4 42. Ke4 Nxc3+ 43. Ke5 b4 {[%emt 0:00:53] [#] aiming for ...b3.} 44. Ba5 Ne2 {[%emt 0:00:09] ( -> ...b3)} 45. Bxb4 {[%emt 0:00:16] Threatening mate with d5.} Nxd4 46. Kxd4 {[%emt 0:00:03] White wants to mate with Be1.} Kg3 47. Bd6 Kxg2 {[%emt 0:00:03] Hoping for ...f3.} 48. Bxf4 {[%emt 0:00:03] White really could win this.  Weighted Error Value: White=0.14 (very precise) /Black=0.18 (very precise)} 1/2-1/2

[Event "87th Spanish Championship 2022"]
[Site "Linares"]
[Date "2022.08.14"]
[Round "5.7"]
[White "Alonso Garcia, Aaron"]
[Black "Lopez Martinez, Josep Manuel"]
[Result "1/2-1/2"]
[ECO "B90"]
[WhiteElo "2374"]
[BlackElo "2486"]
[Annotator "TA"]
[PlyCount "59"]
[EventDate "2022.08.11"]
[EventType "swiss"]
[EventCountry "ESP"]
[SourceTitle "playchess.com"]
[Source "ChessBase"]
[SourceQuality "1"]
[TimeControl "5400+30"]

1. e4 c5 2. Nf3 d6 3. d4 cxd4 4. Nxd4 Nf6 5. Nc3 a6 6. h4 {[%emt 0:02:02] B90: Sicilian Najdorf: Unusual White 6th moves, 6 Be3 Ng4 and 6 Be3 e5.} e5 7. Nb3 Qc7 {[%emt 0:05:55] [#]} 8. Be3 $146 {[%emt 0:07:47] White has an edge.} ({Predecessor:} 8. Bg5 Nbd7 9. a4 h6 10. Be3 Nb6 11. Bxb6 Qxb6 12. Bc4 Qc7 13. Qd3 Be7 14. a5 {0-1 (44) Del Castilho,M (2304)-Song,G (2145) Tornelo INT 2021}) 8... Be6 9. Nd5 Bxd5 10. exd5 Nbd7 11. c4 h5 {[%emt 0:01:10] Inhibits g4.} 12. Be2 {[%emt 0:01:42] Prevents Ng4.} g6 13. f3 Bh6 14. Bxh6 Rxh6 15. Qd2 Rh8 16. Na5 Kf8 17. O-O-O Kg7 18. Kb1 Rae8 19. Qc3 (19. g4 $14) 19... b6 (19... e4 {is more complex.} 20. f4 Nc5 21. Rhf1 e3) 20. Nc6 Nb8 21. Nb4 $1 a5 22. Nc2 Na6 23. Na3 Qd7 {[%emt 0:04:22] Against g4} 24. Nb5 Rc8 (24... Nc7 $11) 25. Qe3 $16 Nc5 26. g4 Rcd8 27. g5 ({White should try} 27. Rdf1) 27... Ng8 {[%emt 0:01:17] [#]} (27... Ne8 $142) 28. Bf1 $1 {[%emt 0:00:01] White is more active.} Ne7 29. Bh3 Nf5 30. Qc3 {[%emt 0:01:12] Weighted Error Value: White=0.11 (very precise) /Black=0.15 (very precise)} 1/2-1/2

[Event "87th Spanish Championship 2022"]
[Site "Linares"]
[Date "2022.08.14"]
[Round "5.8"]
[White "Gines Esteo, Pedro Antonio"]
[Black "Vega Gutierrez, Sabrina"]
[Result "1-0"]
[ECO "D37"]
[WhiteElo "2455"]
[BlackElo "2366"]
[Annotator "TA"]
[PlyCount "95"]
[EventDate "2022.08.11"]
[EventType "swiss"]
[EventCountry "ESP"]
[SourceTitle "playchess.com"]
[Source "ChessBase"]
[SourceQuality "1"]
[TimeControl "5400+30"]

1. d4 d5 2. c4 e6 3. Nf3 Nf6 4. Nc3 dxc4 5. e4 b5 6. e5 {[%emt 0:01:11] D24: Queen's Gambit Accepted: 3 Nf3 Nf6 4 Nc3.} Nd5 7. Nxb5 Nb6 8. Be2 {[%emt 0:01:55] White is slightly better.} Nc6 9. Be3 Be7 10. a3 Rb8 11. Qc2 {[%emt 0:00:44] [#]} Bb7 $146 ({Predecessor:} 11... Ba6 12. Nc3 Na5 13. Rd1 Qd7 14. h4 h6 15. Rh3 Bb7 16. Rg3 Kf8 17. d5 Nxd5 18. Bxa7 {0-1 (39) Yilmaz,M (2631)-Maghsoodloo,P (2699) Chess.com INT 2022}) 12. h4 h6 13. Nc3 (13. Bxc4 a6 14. d5 Nxc4 15. dxc6 axb5 $11) 13... Na5 14. Rh3 Bc6 (14... Nd5 $11) 15. Rd1 Qc8 (15... Qd7 $14) 16. Rg3 $16 Kf8 17. h5 Qb7 18. Rg4 {[%emt 0:00:35] White is more active.} Nd5 19. Nxd5 Bxd5 20. Bd2 Nb3 21. Be3 Na5 $1 22. Bd2 Nb3 23. Bc3 $1 Qc6 24. Kf1 Qa4 25. Ne1 c5 {[%emt 0:02:44] This move loses the game for Black.} (25... Bg5 $16) 26. Bf3 $1 $18 Rd8 (26... cxd4 27. Bxd5 Qa6 28. Bf3 $1 dxc3 29. Qxc3) 27. dxc5 Nxc5 {[%emt 0:03:14] [#]} 28. Qe2 $1 Qc6 29. Kg1 Na4 (29... Rd7 {keeps fighting.} 30. Rgd4 Bxf3 31. Nxf3 Nd3) 30. Bb4 Bxb4 31. axb4 {[%emt 0:00:07][%cal Og4c4] Rxc4! is the strong threat.} Ke7 (31... Nb6 $16 {is a better defense.}) 32. Ra1 {[%emt 0:02:02] Black must now prevent Bxd5.} (32. Rxg7 Kf8 33. Rg4 Nb6) 32... Nb6 33. Rxg7 Rd7 34. Qe3 Kd8 (34... Bxf3 $142 35. Nxf3 Nd5) 35. Qf4 Bxf3 (35... Ke8 $142 36. Be2 Qc7) 36. Qf6+ (36. Nxf3 Nd5 37. Qe4 Ke8 $18) (36. Qxf3 Qxf3 37. Nxf3 Ke7 $16) (36. gxf3 Nd5 37. Qh4+ Kc8 $16) 36... Kc8 37. Rxf7 (37. Qxf3 Qb7 38. Qxb7+ Kxb7 $16) (37. Nxf3 c3 38. bxc3 (38. Rxf7 cxb2 39. Re1 Rg8 $15) 38... Nd5 $16) (37. gxf3 Nd5 38. Qh4 Kb8 $11) 37... Rg8 38. Rf8+ ({Weaker is} 38. Qxf3 Qxf3 39. Rxf3 Nd5 $18) 38... Rxf8 39. Qxf8+ Rd8 40. Qxf3 Qxf3 41. Nxf3 {[%emt 0:00:04][%mdl 4096] Endgame KRN-KRN} ({Less strong is} 41. gxf3 Rd2 $14) 41... Rd3 $2 (41... Kb7 {was called for.} 42. g4 Nd5) 42. Rxa7 {[%emt 0:00:34] White is clearly winning.} Rb3 43. Nd4 Rxb2 44. Nxe6 Nd5 45. Ra5 Nxb4 46. Rc5+ Kd7 47. Nf8+ Ke8 48. Ng6 {[%emt 0:00:37] Weighted Error Value: White=0.21 (precise) /Black=0.33} 1-0

[Event "87th Spanish Championship 2022"]
[Site "Linares"]
[Date "2022.08.14"]
[Round "5.9"]
[White "Gomez Dieguez, David"]
[Black "Narciso Dublan, Marc"]
[Result "0-1"]
[ECO "B03"]
[WhiteElo "2372"]
[BlackElo "2461"]
[Annotator "TA"]
[PlyCount "60"]
[EventDate "2022.08.11"]
[EventType "swiss"]
[EventCountry "ESP"]
[SourceTitle "playchess.com"]
[Source "ChessBase"]
[SourceQuality "1"]
[TimeControl "5400+30"]

1. e4 Nf6 2. e5 Nd5 3. d4 d6 4. c4 Nb6 5. f4 g6 6. Nc3 Bg7 7. Be3 $1 Be6 $1 {[%emt 0:00:21][%mdl 4] is recently more successful than 7...0-0. B03: Alekhine's Defence: Four Pawns Attack.} 8. d5 Bc8 9. Nf3 O-O {[%emt 0:00:55] White has an edge.} 10. h3 (10. h4 $14) 10... e6 $11 {[%emt 0:12:36] [#]} 11. Qd2 $146 ({Predecessor:} 11. Be2 dxe5 12. fxe5 exd5 13. cxd5 N8d7 14. Bf4 Re8 15. Bg5 f6 16. exf6 Nxf6 17. Qb3 {0-1 (27) Sonnet,J-Daillet,E France 1989}) 11... exd5 12. cxd5 {[%emt 0:01:14] [#]} N8d7 (12... dxe5 $1 $17 13. fxe5 N8d7) 13. exd6 (13. a4 $5 ) 13... cxd6 (13... Bxc3 {feels hotter.} 14. bxc3 Re8 15. dxc7 Qe7) 14. g4 Nc5 (14... Bxc3 $15 15. bxc3 Qe7) 15. O-O-O (15. Bxc5 $5 dxc5 16. O-O-O $11) 15... f5 (15... Re8 $15 {stays ahead.}) 16. Bxc5 $16 dxc5 17. g5 Re8 18. h4 Bd7 19. h5 {[%emt 0:01:13] Strongly threatening hxg6.} (19. Ne5 $5) 19... Qe7 20. hxg6 hxg6 21. Bb5 $2 {[%emt 0:04:54][%mdl 8192] White does not recover from this.} (21. Rh4 $14 {keeps the upper hand.}) 21... Bxb5 $19 22. Nxb5 {[%emt 0:00:34][%cal Of3e5] aiming for Ne5!} Nc4 {[%emt 0:01:59][%csl LRb2,LRd2][%cal Bb6c4,Bc4b2,Bb2d1,Bd1f2][%mdl 32] Prevents Ne5.} 23. Qc2 {[%emt 0:08:59] [#]} (23. Qh2 Bxb2+ 24. Kb1 Qe4+ 25. Qc2) 23... Qe3+ $1 {[%emt 0:06:15] Black is clearly winning.} 24. Kb1 Nxb2 25. Ne5 Nxd1 26. Qh2 Rxe5 27. fxe5 Nf2 28. Qh7+ Kf8 {[%emt 0:00:02] ( -> ...Qe4+)} 29. Nc7 Qe4+ 30. Kc1 Qxh1+ {[%emt 0:00:06] Weighted Error Value: White=0.85/Black=0.34} 0-1

[Event "87th Spanish Championship 2022"]
[Site "Linares"]
[Date "2022.08.14"]
[Round "5.10"]
[White "Espinosa Aranda, Angel"]
[Black "Masague Artero, Guerau"]
[Result "1-0"]
[ECO "B30"]
[WhiteElo "2439"]
[BlackElo "2319"]
[Annotator "TA"]
[PlyCount "57"]
[EventDate "2022.08.11"]
[EventType "swiss"]
[EventCountry "ESP"]
[SourceTitle "playchess.com"]
[Source "ChessBase"]
[SourceQuality "1"]
[TimeControl "5400+30"]

1. e4 c5 2. Nf3 Nc6 3. Bb5 d6 4. O-O Bd7 5. Re1 a6 6. Bf1 Nf6 7. c3 Bg4 8. d4 Bxf3 {[%emt 0:01:30] B51: Sicilian: Moscow Variation (3 Bb5+) without 3...Bd7.} 9. gxf3 cxd4 {[%emt 0:06:55] now scores much better than the old 9...g5.} 10. cxd4 d5 {[%emt 0:00:09] White is slightly better.} 11. Nc3 {[%emt 0:01:50] Hoping for Bg5.} e6 12. Bg5 $1 {[%emt 0:01:04] Strongly threatening exd5.} Be7 13. Bxf6 Bxf6 14. exd5 Nxd4 15. Re4 Qb6 {[%emt 0:00:43] [#]} 16. Qa4+ $146 ({Predecessor:} 16. dxe6 Nxe6 17. Nd5 Qd8 18. Qa4+ b5 19. Nxf6+ gxf6 20. Qa3 f5 21. Re3 Qb6 22. Bh3 Rg8+ 23. Kf1 b4 24. Qa4+ Kf8 25. Bxf5 Nf4 26. Qd7 Rg2 27. Qe7+ {½-½ (27) Dobrica,D (2314)-Heinke,R (2335) ICCF email 2008}) 16... Kf8 17. Rd1 Nxf3+ 18. Kg2 Qxb2 19. Re3 Nd2 {[%emt 0:11:31] [#] This move loses the game for Black.} (19... Bxc3 $2 20. dxe6 Bf6 21. Rxf3 fxe6 22. Rd7 $18 (22. Qd7 Qe5 $16)) (19... Nh4+ $14 20. Kg1 b5 21. Nxb5 Nf5) 20. dxe6 $1 $18 {[%emt 0:10:23][%cal Oa4d7] Qd7! would kill now.} fxe6 (20... Nxf1 21. Rxf1) 21. Qd7 Rd8 {[%emt 0:10:34] [#]} (21... Qb6 {keeps fighting.} 22. Rxd2 Rd8 23. Qxe6 Qxe6 24. Rxd8+ Bxd8 25. Rxe6 g6) 22. Qxe6 $1 {[%emt 0:00:13][%cal Of1c4] Intending Bc4! and mate.} Qc2 {[%emt 0:00:08] [#]} 23. Bc4 Qg6+ 24. Rg3 $1 {[%emt 0:00:55] The board is on fire.} ({Much less strong is} 24. Kh1 $6 Nxc4 25. Rxd8+ (25. Qxc4 Rxd1+ 26. Nxd1 Qf5 $16) 25... Bxd8 $16) 24... Qe8 25. Qxe8+ Kxe8 {[%emt 0:03:19] [#]} 26. Bd5 Rc8 {[%emt 0:00:36] [#]} (26... Bxc3 $142 27. Re1+ Kf8) 27. Re3+ $1 (27. Rxd2 Rxc3 28. Bxb7 Ke7 $14) 27... Kd8 28. Ne2 (28. Bxb7 Rxc3 29. Rxd2+ (29. Bxa6 Rc2 $14) 29... Kc7 30. Bxa6 Rxe3 31. fxe3 Kb6 $14) 28... Rc2 29. Bb3 {[%emt 0:00:10] Weighted Error Value: White=0.10 (very precise) /Black=0.51} ({Weaker is} 29. Bxb7 Re8 $14) 1-0

[Event "87th Spanish Championship 2022"]
[Site "Linares"]
[Date "2022.08.14"]
[Round "5.11"]
[White "Macias Pino, Diego"]
[Black "Merario Alarcon, Andres"]
[Result "1/2-1/2"]
[ECO "C50"]
[WhiteElo "2355"]
[BlackElo "2418"]
[Annotator "TA"]
[PlyCount "61"]
[EventDate "2022.08.11"]
[EventType "swiss"]
[EventCountry "ESP"]
[SourceTitle "playchess.com"]
[Source "ChessBase"]
[SourceQuality "1"]
[TimeControl "5400+30"]

1. e4 e5 2. Nf3 Nc6 3. Bc4 Nf6 4. d3 Bc5 5. c3 d6 6. O-O h6 7. Re1 O-O 8. h3 a5 {[%emt 0:00:29] 8...Bb6 is the recent fashion. C54: Giuoco Piano: 4 c3 Nf6, main lines with 5 d4 and 5 d3.} 9. d4 Bb6 10. Bb3 Re8 11. Bc2 exd4 12. cxd4 Nb4 $1 13. Nc3 Nxc2 14. Qxc2 d5 15. e5 Ne4 16. Be3 ({Much weaker is} 16. Nxe4 Bf5 $15) 16... Bf5 17. Nd2 Qd7 18. Ndxe4 dxe4 {[%emt 0:00:31] [#]} 19. Rad1 $146 ({Predecessor:} 19. Nxe4 Bg6 20. Rad1 Qd5 21. f3 Qxa2 22. d5 Rxe5 23. Bxb6 cxb6 24. d6 Rc5 25. Qd2 {1-0 (39) Nasuta,G (2511)-Kosakowski,J (2435) Kruszwica 2022}) 19... a4 20. Nxe4 Ra5 21. f3 Rd5 22. Qf2 {[%emt 0:01:01] [#]} Rexe5 $1 23. Nc3 {[%emt 0:27:49][%cal Be4c3,Bc3d5,Bd5e3,Be3g4,Bg4e5][%mdl 32] [#]} (23. Kh2 Bxe4) 23... Rxe3 24. Qxe3 Bxd4 {[%emt 0:02:54] This bishop pair is nice.} 25. Nxd5 Bxe3+ 26. Nxe3 Bd3 27. Ng4 {[%emt 0:02:44] Black must now prevent Nf2.} c5 (27... Qb5 $17 {...Bc4 is the strong threat.} 28. a3 Bc4) 28. Ne5 {[%emt 0:00:36] Inhibits Bc4. The position is equal.} Qd4+ 29. Kh1 c4 30. Nxd3 cxd3 31. Rd2 {[%emt 0:00:07] Weighted Error Value: White=0.10 (very precise) /Black=0.06 (flawless)} 1/2-1/2

[Event "87th Spanish Championship 2022"]
[Site "Linares"]
[Date "2022.08.14"]
[Round "5.12"]
[White "Garrido Outon, Alex"]
[Black "Martinez-Conde Hernandez, Carlos"]
[Result "0-1"]
[ECO "B36"]
[WhiteElo "2436"]
[BlackElo "2205"]
[Annotator "TA"]
[PlyCount "92"]
[EventDate "2022.08.11"]
[EventType "swiss"]
[EventCountry "ESP"]
[SourceTitle "playchess.com"]
[Source "ChessBase"]
[SourceQuality "1"]
[TimeControl "5400+30"]

1. e4 c5 2. Nf3 Nc6 3. d4 cxd4 4. Nxd4 g6 5. c4 Nf6 6. Nc3 d6 7. Be2 Nxd4 8. Qxd4 Bg7 9. Be3 O-O 10. Qd3 Bd7 {[%emt 0:00:13] 10...a5 is the modern continuation. B36: Sicilian: Maroczy Bind: Gurgenidze System.} 11. O-O a6 12. f3 b5 {[%emt 0:02:58] The position is equal.} 13. cxb5 axb5 {[%emt 0:00:07] [#]} 14. Nxb5 $146 ({Predecessor:} 14. a3 Rb8 15. b4 Bc6 16. a4 bxa4 17. b5 Bb7 18. Rxa4 Nd7 19. Ra3 Nc5 20. Qc4 {1-0 (35) Bruzon Batista,L (2534)-Perelshteyn,E (2424) Yerevan 2000}) 14... Bxb5 15. Qxb5 Rb8 16. Qa6 Nd7 17. b3 Bxa1 18. Rxa1 Ra8 19. Qc4 Qa5 {[%emt 0:03:22] Strongly threatening ...Rfc8.} 20. a4 Rfc8 (20... Rab8 $5 ) 21. Qd4 e5 22. Qd1 {[%emt 0:01:08][%mdl 1024] White has compensation.} (22. Qxd6 $2 Qc3 23. Kf2 Qxa1 $19) 22... Qc3 23. Bf2 Nc5 24. Rb1 Ne6 25. Bc4 Qb4 (25... Rxc4 $11 {should be considered.} 26. bxc4 Nd4) 26. Rc1 Kg7 27. g3 (27. h3 $14) 27... Rd8 (27... Rab8 $11 {remains equal.}) 28. Kg2 $16 Rac8 29. Qd5 Rd7 30. Rd1 {[%emt 0:01:39] Inhibits Nd4.} h5 31. Qb5 (31. Be1 $16 Qc5 32. Qxc5 Nxc5 33. a5) 31... Qxb5 $14 32. Bxb5 {[%emt 0:00:02] A strong pair of Bishops.} Rdc7 33. Rxd6 (33. Bc4 $5) 33... Rc2 {[%emt 0:00:35] Threatens to win with ...Nc5.} 34. Bc4 h4 35. Rd1 $2 {[%emt 0:02:44][%mdl 8192] [#]} ({But not} 35. Bxe6 fxe6 36. gxh4 (36. Rxe6 $2 h3+ 37. Kxh3 Rxf2 $19) 36... Re2 37. Rd7+ (37. Rxe6 $2 Rcc2 $19) 37... Kg8 $17) (35. gxh4 $11 {and White has nothing to worry.} Nf4+ 36. Kg3) 35... h3+ $1 $19 36. Kf1 {[%emt 0:00:08] [#]} Ng5 $1 37. Rd3 f5 38. exf5 gxf5 39. Rd7+ $2 (39. a5 Kf6 40. g4) 39... Kh8 40. Rd3 e4 {[%emt 0:01:54][%mdl 64] Deflection} 41. Rd5 Nxf3 42. Rxf5 Nxh2+ 43. Kg1 Nf3+ 44. Rxf3 exf3 {[%emt 0:00:11] Black mates.} 45. Bd4+ Kh7 46. Be6 Rg2+ {[%emt 0:00:09] Weighted Error Value: White=0.61/Black=0.11 (very precise)} 0-1

[Event "87th Spanish Championship 2022"]
[Site "Linares"]
[Date "2022.08.14"]
[Round "5.13"]
[White "Ladron De Guevara Pinto, Paolo"]
[Black "Luque Saiz, Andres"]
[Result "1/2-1/2"]
[ECO "D47"]
[WhiteElo "2444"]
[BlackElo "2289"]
[Annotator "TA"]
[PlyCount "108"]
[EventDate "2022.08.11"]
[EventType "swiss"]
[EventCountry "ESP"]
[SourceTitle "playchess.com"]
[Source "ChessBase"]
[SourceQuality "1"]
[TimeControl "5400+30"]

1. d4 d5 2. c4 c6 3. Nc3 Nf6 4. e3 e6 5. Nf3 Nbd7 6. Bd3 dxc4 7. Bxc4 b5 8. Bd3 Bb7 9. O-O a6 10. Qe2 c5 11. Rd1 Qc7 12. a3 {[%emt 0:06:46] D48: Semi-Slav: Meran System: 7...b5 8 Bd3 a6.} cxd4 13. exd4 Bd6 {[%emt 0:03:38] Inhibits Ne5.} 14. Bg5 {[%emt 0:16:42] [#]} h6 $146 ({Predecessor:} 14... Bf4 15. Bh4 O-O 16. Re1 Rac8 17. Rad1 Rfe8 18. Bb1 Qc4 19. Bd3 Qc6 20. Ne4 Nxe4 21. Bxe4 Qxe4 22. Qxe4 Bxe4 23. Rxe4 {0-1 (52) Avdhoot,L (2243)-Barseghyan,H (2478) Bastia 2017}) 15. Bxf6 Nxf6 16. Rac1 Qe7 17. Ne4 Nxe4 18. Bxe4 O-O 19. Ne5 Rac8 20. h3 Rxc1 21. Rxc1 Rc8 22. Rxc8+ Bxc8 23. Qc2 Qc7 24. Qxc7 (24. Nc6 {feels hotter.} Bb7 25. d5 Bh2+ 26. Kf1) 24... Bxc7 $11 {[%emt 0:00:03][%mdl 4096] Endgame KBB-KBN} 25. Kf1 f6 26. Nf3 Kf7 27. Ke2 Ke7 28. Ne1 e5 29. dxe5 f5 30. Bd5 Bxe5 31. Nd3 Bd4 32. b3 Kd6 33. Bf7 Bb7 34. f3 g5 35. Kd2 Ke7 36. Bg8 h5 37. Nb4 Kd6 {[%emt 0:00:22] Inhibits Bd5.} 38. Bf7 {[%emt 0:00:26] [#]} h4 $1 39. Bg6 Ke5 40. Nd3+ Kf6 41. Be8 g4 42. Ke2 Bd5 {[%emt 0:02:23] Hoping for ...gxh3.} 43. b4 Kg5 ({Black should play} 43... Ke7 $17 44. Bg6 gxf3+ 45. gxf3 Be6) 44. Bd7 {[%emt 0:00:06] The position is equal.} gxf3+ 45. gxf3 Bc4 46. f4+ Kf6 47. Bc8 Bb2 48. Bxa6 Bxa3 49. Kd2 Bxd3 50. Kxd3 Bc1 51. Bxb5 Bxf4 52. Bc6 Bd6 53. b5 Bc5 54. Ke2 Ke5 {[%emt 0:00:06] Weighted Error Value: White=0.04 (flawless) /Black=0.07 (flawless)} 1/2-1/2

[Event "87th Spanish Championship 2022"]
[Site "Linares"]
[Date "2022.08.14"]
[Round "5.14"]
[White "Plazuelo Pascual, Juan"]
[Black "Del Prado Rodriguez, Xulio"]
[Result "1-0"]
[ECO "B89"]
[WhiteElo "2448"]
[BlackElo "2282"]
[Annotator "TA"]
[PlyCount "53"]
[EventDate "2022.08.11"]
[EventType "swiss"]
[EventCountry "ESP"]
[SourceTitle "playchess.com"]
[Source "ChessBase"]
[SourceQuality "1"]
[TimeControl "5400+30"]

1. e4 c5 2. Nf3 d6 3. d4 cxd4 4. Nxd4 Nf6 5. Nc3 Nc6 6. Bc4 e6 7. Be3 Be7 8. Qe2 O-O 9. O-O-O Nxd4 10. Bxd4 Bd7 {[%emt 0:14:45] B89: Sicilian: Velimirovic Attack.} (10... a6 $11 {remains equal.}) 11. f4 $16 Qa5 12. Bxf6 {[%emt 0:01:59] [#]} gxf6 $146 {[%emt 0:06:37] White is better.} ({Predecessor:} 12... Bxf6 13. e5 Be7 14. exd6 Bf6 15. Ne4 Qf5 16. Rhf1 b5 17. g4 Qg6 18. Bd3 Rfd8 19. Nxf6+ Qxf6 20. g5 Qd4 21. Bxh7+ Kxh7 22. Rxd4 {1-0 (22) Parligras,M (2565)-Simeonov,S (1802) Varna 2010}) 13. e5 fxe5 14. fxe5 Bc6 15. exd6 Bf6 16. Ne4 Bxe4 17. Qxe4 Qe5 18. Qxe5 {[%emt 0:01:28] 0x0.0013bba6bdfbdp-1022s more active pieces. The black rooks are badly placed.} Bxe5 19. d7 Rfd8 (19... Kg7 $142 20. Rhf1 Rfd8) 20. Rhf1 a6 {[%emt 0:12:36] [#]} 21. Be2 Kf8 {[%emt 0:19:24] [#]} 22. Bh5 $1 f6 23. Be8 Ke7 24. Rd3 Kf8 25. g4 {[%emt 0:03:48] And now Re3 would win.} h6 (25... Rxe8 $142 26. dxe8=N Rxe8) 26. Re3 $18 {[%emt 0:00:27] Strongly threatening Rxe5.} Kg7 27. h4 {[%emt 0:00:48] Weighted Error Value: White=0.07 (flawless) /Black=0.33} 1-0

[Event "87th Spanish Championship 2022"]
[Site "Linares"]
[Date "2022.08.14"]
[Round "5.15"]
[White "Garrido Diaz, Jose Antonio"]
[Black "Garcia Ramos, Daniel"]
[Result "0-1"]
[ECO "B13"]
[WhiteElo "2306"]
[BlackElo "2438"]
[Annotator "TA"]
[PlyCount "112"]
[EventDate "2022.08.11"]
[EventType "swiss"]
[EventCountry "ESP"]
[SourceTitle "playchess.com"]
[Source "ChessBase"]
[SourceQuality "1"]
[TimeControl "5400+30"]

1. e4 c6 2. d4 d5 3. exd5 cxd5 4. Bd3 Nc6 5. c3 Nf6 6. Bf4 Bg4 7. Qb3 Qd7 8. Nd2 e6 9. Ngf3 Bd6 10. Bxd6 Qxd6 11. O-O {[%emt 0:00:08] B13: Caro-Kann: Exchange Variation and Panov-Botvinnik Attack.} O-O 12. Rfe1 Qc7 13. Ne5 {[%emt 0:01:10] White has an edge.} Nxe5 14. dxe5 Nd7 15. Qb4 Bh5 16. Qh4 Bg6 17. Bxg6 fxg6 18. Nf3 {[%emt 0:14:55] [#] Black must now prevent Ng5.} Nc5 $146 ({Predecessor:} 18... Rae8 19. Nd4 a6 20. f3 Rf7 21. Re2 Nb8 22. Rd1 Nc6 23. Nxc6 bxc6 24. c4 Ref8 {½-½ (71) Blomqvist,E (2523)-Prohaszka,P (2610) Batumi 2019}) 19. Re3 (19. Ng5 h6 20. Nf3 g5 $15) 19... Qb6 20. b3 (20. Ng5 $2 h6 21. Nf3 Qxb2 $19) 20... a5 21. Rd1 (21. Ng5 h6 22. Nf3 g5 $17) 21... Rac8 22. c4 (22. Ng5 h6 23. Nf3 g5 $17) 22... Ne4 23. Rxe4 (23. h3 $11) 23... dxe4 $17 24. Ng5 h6 25. Nxe4 Rc7 (25... Rcd8 $17 26. Nd6 g5) 26. Qg4 $11 Rcf7 (26... Kh7 $11) 27. Qxg6 $16 {[%emt 0:02:27] c5 is the strong threat.} Kh8 28. h3 a4 (28... Rf5 $142) 29. c5 (29. bxa4 $6 Rf5 $11) (29. Kh2 $142) 29... Qb4 30. Rd3 (30. f3 $6 axb3 31. Qxe6 b2 $11) ({Better is} 30. Kh2 $1 $16) 30... Qe1+ 31. Kh2 Qc1 32. Rd2 Qa1 (32... axb3 $14 33. axb3 Qb1) 33. Qxe6 Rf5 {[%emt 0:00:33] [#]} 34. Rd8 Rxf2 $11 35. Nxf2 Rxd8 {[%emt 0:00:03][%mdl 4096] Endgame KQR-KQN} 36. Qe7 $2 (36. Qf5 $11) 36... Qd4 $17 37. Ne4 {[%emt 0:00:48][%cal Ob3a4] [#]} Ra8 (37... a3 $1 $17) 38. Qxb7 $2 {[%emt 0:01:43][%mdl 8192] This costs White the game.} (38. Ng3 $11 {and White stays safe.}) 38... Qxe5+ $19 39. Ng3 Rb8 40. Qf7 axb3 ({Avoid the trap} 40... Qxc5 $2 41. bxa4 Ra8 42. Qf4 $19) 41. axb3 Qxc5 42. Qd7 Qe5 ({Wrong is} 42... Rxb3 $2 43. Qe6 Re3 44. Ne4 Qc7+ 45. Qd6 Qxd6+ 46. Nxd6) 43. Qd3 Qb5 44. Qg6 Qxb3 45. Nf5 Qb7 46. Nd6 Qc7 {[%emt 0:00:09] ( -> ...Rd8)} 47. Kh1 $2 (47. Qg3 Kg8 48. Nf5 Qxg3+ 49. Kxg3) 47... Rf8 (47... Rb6 $142 48. Nf7+ Kg8 49. Nxh6+ Kf8) 48. Kg1 Qc5+ 49. Kh2 Qe5+ ({Not} 49... Rf1 50. Qe8+ Kh7 51. Qe4+ g6 52. Qe7+ Kg8 53. Qe8+ Kh7 54. Qe7+ Kg8 55. Qe8+ Kh7 56. Qe7+ $11) 50. Kg1 Qe3+ 51. Kh2 Qf4+ 52. Kh1 $2 (52. Qg3 $19) 52... Ra8 {[%emt 0:00:21] Black mates.} 53. Nf7+ Kg8 54. Nxh6+ Qxh6 55. Qe4 Ra1+ 56. Kh2 Qd6+ {[%emt 0:00:05] Weighted Error Value: White=0.65/Black=0.26 (precise)} 0-1